 Dungeon Crawl Stone Soup version 0.20.2-3-g29329e0561 (webtiles) character file.

403 Alfie the Skirmisher (level 6, 0/56 HPs)
             Began as a Hill Orc Fighter on Dec 29, 2023.
             Killed by nerve-wracking pain
             ... invoked by Grinder
              (14 damage)
             ... on level 4 of the Dungeon.
             The game lasted 00:06:18 (2803 turns).

Alfie the Skirmisher (Hill Orc Fighter)             Turns: 2803, Time: 00:06:18

Health: 0/56       AC:  7    Str: 21    XL:     6   Next: 86%
Magic:  6/6        EV: 13    Int:  8    God:
Gold:   79         SH: 10    Dex: 15    Spells: 5/5 levels left

rFire    . . .     SeeInvis .   a - +0 rapier
rCold    . . .     Gourm    .   c - +0 shield
rNeg     . . .     Faith    .   b - +0 scale mail
rPois    .         Spirit   .   (no helmet)
rElec    .         Reflect  .   (no cloak)
rCorr    .         Harm     .   (no gloves)
MR       .....                  (no boots)
Stlth    +.........             (no amulet)
Regen    0.2/turn               (no ring)
MPRegen  0.1/turn               (no ring)

@: agile
A: no striking features
a: no special abilities


You were on level 4 of the Dungeon.
You were not hungry.

You visited 1 branch of the dungeon, and saw 4 of its levels.

You collected 79 gold pieces.

Inventory:

Hand Weapons
 a - a +0 rapier (weapon)
Armour
 b - a +0 scale mail (worn)
 c - a +0 shield (worn)
 d - a +1 robe of positive energy
Wands
 k - a wand of polymorph (13/24)
Scrolls
 e - 3 scrolls of identify {unknown}
 f - a scroll of fear {unknown}
 h - a scroll of enchant weapon {unknown}
 i - 3 scrolls of remove curse {unknown}
 o - a scroll of teleportation {unknown}
Potions
 g - 3 potions of curing
 l - a potion of cancellation {unknown}
 m - a potion of heal wounds {unknown}
 p - a potion of haste {unknown}
 q - a potion of agility
Comestibles
 j - a bread ration
 n - 2 fruits


   Skills:
 + Level 5.0 Fighting
 + Level 4.5 Short Blades
 + Level 4.5 Armour
 + Level 1.0 Dodging
 + Level 0.3 Stealth
 + Level 4.6 Shields


You had 5 spell levels left.
You didn't know any spells.

Dungeon Overview and Level Annotations

Branches:
Dungeon (4/15)
 Temple: D:4-7

Altars:
Ashenzari
Elyvilon
Nemelex Xobeh
Qazlal
Ru
Sif Muna
Yredelemnul

Shops:
D:4 *?

Annotations:
D:4 Grinder


Message History

You hit Grinder.
Grinder is severely wounded.
Grinder gestures at you.
You barely resist. You hit Grinder but do no damage.
Grinder is severely wounded.
Grinder hits you but does no damage.
Your shield prevents you from hitting Grinder.
Grinder is severely wounded.
Grinder barely misses you.
You hit Grinder but do no damage.
Grinder is severely wounded.
You hear the brisk rusting of a very distant drain.
Grinder closely misses you.
A quokka comes into view.
You puncture Grinder!
Grinder is almost dead.
Grinder gestures at you. Pain shoots through your body!
You die...

#.# #.......#
#......#.#####.#
########.#......
## #...# #..
#.8.#
#...###..####
#.....8.∩.8.# #
......#...#...#
......5@8..##.#
..(........# #
............#
.......####.#
.....## .# .....
. .r... . ####


You could see Grinder and a quokka.

Vanquished Creatures
  Sigmund (D:2)
  Jessica (D:3)
  A bullfrog skeleton (D:4)
  An orc wizard (D:2)
  A worker ant (D:4)
  7 adders
  An ooze (D:1)
  A dart slug (D:2)
  2 leopard geckos
  3 orcs (D:3)
  5 ball pythons
  3 giant cockroaches
  7 goblins
  9 hobgoblins
  4 jackals (D:3)
  3 quokkas
  7 bats
  5 frilled lizards
  A jackal skeleton (D:4)
  3 kobolds
  10 rats
76 creatures vanquished.

Notes
Turn   | Place    | Note
-------+----------+-------------------------------------------
     0 | D:1      | Alfie the Hill Orc Fighter began the quest for the Orb.
     0 | D:1      | Reached XP level 1. HP: 19/19 MP: 1/1
    63 | D:1      | Reached XP level 2. HP: 13/27 MP: 2/2
   190 | D:1      | Reached skill level 4 in Fighting
   554 | D:1      | Reached XP level 3. HP: 25/33 MP: 3/3
   783 | D:2      | HP: 1/33 [poisoned by an adder]
  1000 | D:2      | Found a sacrificial altar of Ru.
  1003 | D:2      | Reached XP level 4. HP: 30/41 MP: 4/4
  1230 | D:2      | Noticed Sigmund
  1241 | D:2      | Killed Sigmund
  1241 | D:2      | Reached XP level 5. HP: 37/47 MP: 5/5
  1241 | D:2      | Reached XP level 6. HP: 42/53 MP: 6/6
  2076 | D:3      | Found a sparkling altar of Nemelex Xobeh.
  2118 | D:3      | Noticed Jessica
  2174 | D:3      | Killed Jessica
  2174 | D:3      | Reached skill level 1 in Dodging
  2367 | D:3      | Found a white marble altar of Elyvilon.
  2603 | D:4      | Found Oxeqor's Assorted Antiques.
  2683 | D:4      | Reached skill level 5 in Fighting
  2707 | D:4      | Found a stormy altar of Qazlal.
  2721 | D:4      | Found a shattered altar of Ashenzari.
  2722 | D:4      | Found a basalt altar of Yredelemnul.
  2726 | D:4      | Found a deep blue altar of Sif Muna.
  2772 | D:4      | Found Citoysa's Magic Scroll Emporium.
  2779 | D:4      | Noticed Grinder
  2788 | D:4      | Paralysed by Grinder for 3 turns
  2803 | D:4      | Killed from afar by Grinder

Skill      XL: |  1  2  3  4  5  6 |
---------------+-------------------+-----
Fighting       | 4 5 |  5.0
Armour         | 4 |  4.5
Short Blades   | 4 |  4.5
Shields        | 4 |  4.6
Dodging        | 1 |  1.0
Stealth        | |  0.3

Action                   |  1- 3 |  4- 6 || total
-------------------------+-------+-------++-------
Melee: Rapier            |   111 |   229 ||   340
  Use: Potion            |     1 |     6 ||     7
 Stab: Paralysed         |       |     1 ||     1
  Eat: Royal jelly       |       |     1 ||     1
       Bread ration      |       |     1 ||     1
       Chunk             |       |     1 ||     1
Armor: Scale mail        |    55 |    81 ||   136
Dodge: Dodged            |    34 |    75 ||   109
Block: Shield            |    60 |   118 ||   178
